General information
- name: BNet
- type: Ladder team game (AT/RT)
- host: Battle.net
- saver: HOTDOGPiZZA1
map: RiceFields
- players: 6
- length: 111:57
- speed: Fast
- version: 1.26 W3XP
- replay type:

» download(845 KB)
Players
team 1 (winner)
Birdeneering (
pink | 113 APM | 12660 actions | 111:55)
8 Archmage
3 Blizzard
3 Brilliance Aura
1 Mass Teleport
1 Summon Water Elemental
7 Blood Mage
3 Flame Strike
3 Siphon Mana
1 Summon Phoenix
7 Mountain King
3 Storm Bolt
3 Bash
1 Avatar
» actions
| Assign group hotkey | 653 | |
| Basic commands | 23 | |
| Build / train | 216 | |
| Enter build submenu | 184 | |
| Enter hero's abilities submenu | 24 | |
| Give item / drop item | 6 | |
| Remove unit from queue | 7 | |
| Right click | 6687 | |
| Select / deselect | 887 | |
| Select group hotkey | 3295 | |
| Use ability | 678 | |
12660 total
» units
» upgrades
| Masonry | 3 | |
| Lumber Harvesting | 2 | |
| Magic Sentry | 1 | |
6 total
» buildings
| Altar of Kings | 1 | |
| Lumber Mill | 1 | |
| Farm | 4 | |
| Scout Tower | 197 | |
| Arcane Tower | 13 | |
| Guard Tower | 90 | |
| Arcane Vault | 5 | |
| Keep | 1 | |
| Town Hall | 3 | |
| Castle | 1 | |
| Arcane Sanctum | 1 | |
317 total
» build order
00:04 Altar of Kings
00:22 Lumber Mill
00:34 Farm
01:07 Farm
01:43 Scout Tower
01:47 Farm
01:54 Scout Tower
02:05 Scout Tower
02:17 Arcane Tower
02:32 Scout Tower
02:39 Scout Tower
02:41 Arcane Tower
02:41 Arcane Tower
02:42 Arcane Tower
02:53 Guard Tower
03:02 Scout Tower
03:11 Scout Tower
03:12 Guard Tower
03:18 Guard Tower
03:20 Arcane Vault
03:55 Scout Tower
03:56 Scout Tower
03:57 Guard Tower
03:59 Scout Tower
04:00 Scout Tower
04:00 Guard Tower
04:27 Scout Tower
04:27 Scout Tower
04:29 Guard Tower
04:46 Keep
05:02 Scout Tower
05:03 Scout Tower
05:04 Scout Tower
05:05 Guard Tower
05:07 Guard Tower
05:08 Scout Tower
05:11 Scout Tower
05:12 Scout Tower
05:21 Guard Tower
05:22 Scout Tower
05:24 Scout Tower
05:49 Guard Tower
05:49 Guard Tower
05:49 Guard Tower
05:51 Arcane Tower
05:55 Scout Tower
05:56 Scout Tower
05:57 Guard Tower
06:01 Guard Tower
06:10 Farm
06:50 Town Hall
06:55 Scout Tower
06:56 Scout Tower
06:58 Scout Tower
06:59 Scout Tower
07:09 Guard Tower
07:11 Scout Tower
07:14 Scout Tower
07:15 Scout Tower
07:27 Arcane Tower
07:42 Guard Tower
07:49 Scout Tower
07:53 Scout Tower
07:54 Scout Tower
08:01 Guard Tower
08:02 Scout Tower
08:03 Scout Tower
08:31 Guard Tower
08:35 Scout Tower
08:36 Scout Tower
08:37 Guard Tower
08:43 Scout Tower
08:44 Guard Tower
08:54 Scout Tower
08:55 Scout Tower
10:03 Scout Tower
10:43 Guard Tower
10:47 Scout Tower
10:48 Scout Tower
10:50 Guard Tower
10:57 Scout Tower
10:57 Scout Tower
12:00 Scout Tower
12:01 Scout Tower
12:01 Scout Tower
12:02 Guard Tower
12:10 Castle
12:20 Scout Tower
12:21 Scout Tower
12:21 Guard Tower
12:31 Arcane Sanctum
13:19 Guard Tower
13:22 Guard Tower
13:24 Scout Tower
13:24 Scout Tower
13:31 Scout Tower
13:34 Scout Tower
13:34 Scout Tower
13:45 Scout Tower
13:48 Scout Tower
13:48 Scout Tower
13:49 Scout Tower
13:51 Scout Tower
13:52 Scout Tower
13:53 Scout Tower
13:53 Scout Tower
13:54 Scout Tower
13:54 Scout Tower
13:59 Guard Tower
14:00 Scout Tower
14:01 Scout Tower
14:03 Guard Tower
14:21 Scout Tower
14:22 Scout Tower
14:23 Scout Tower
14:25 Scout Tower
14:26 Scout Tower
14:27 Scout Tower
14:40 Guard Tower
14:42 Scout Tower
14:43 Scout Tower
14:47 Guard Tower
14:48 Scout Tower
14:49 Scout Tower
14:56 Guard Tower
14:58 Scout Tower
14:59 Scout Tower
15:04 Arcane Vault
15:06 Scout Tower
15:07 Scout Tower
15:42 Scout Tower
16:36 Guard Tower
16:42 Scout Tower
16:43 Scout Tower
16:53 Guard Tower
16:55 Scout Tower
17:13 Scout Tower
17:13 Scout Tower
17:17 Guard Tower
17:20 Arcane Vault
17:21 Scout Tower
17:22 Scout Tower
17:23 Scout Tower
17:23 Scout Tower
17:25 Guard Tower
17:46 Scout Tower
17:47 Scout Tower
17:48 Scout Tower
17:48 Scout Tower
17:49 Scout Tower
17:49 Scout Tower
17:50 Scout Tower
17:51 Scout Tower
18:07 Guard Tower
18:08 Scout Tower
18:09 Scout Tower
18:10 Scout Tower
18:14 Guard Tower
18:14 Guard Tower
18:42 Guard Tower
18:44 Scout Tower
18:45 Scout Tower
18:48 Guard Tower
18:50 Scout Tower
18:53 Scout Tower
18:55 Scout Tower
19:04 Scout Tower
19:04 Guard Tower
19:10 Scout Tower
19:11 Scout Tower
19:18 Guard Tower
19:37 Guard Tower
19:46 Scout Tower
19:46 Guard Tower
19:53 Scout Tower
19:54 Scout Tower
20:05 Scout Tower
20:06 Scout Tower
20:13 Scout Tower
20:37 Guard Tower
20:41 Scout Tower
20:43 Scout Tower
21:15 Guard Tower
21:19 Scout Tower
21:20 Scout Tower
21:21 Scout Tower
21:28 Guard Tower
21:48 Town Hall
22:04 Guard Tower
22:07 Scout Tower
22:09 Scout Tower
22:12 Guard Tower
22:22 Scout Tower
22:23 Scout Tower
22:26 Guard Tower
22:48 Guard Tower
22:49 Scout Tower
22:52 Guard Tower
23:01 Arcane Vault
24:18 Arcane Vault
24:22 Guard Tower
25:05 Scout Tower
25:07 Scout Tower
25:07 Scout Tower
25:14 Scout Tower
25:15 Scout Tower
25:16 Scout Tower
25:17 Scout Tower
25:18 Scout Tower
25:18 Scout Tower
25:19 Scout Tower
25:19 Scout Tower
25:37 Scout Tower
25:38 Scout Tower
25:44 Guard Tower
25:46 Guard Tower
26:02 Scout Tower
26:04 Scout Tower
26:05 Guard Tower
26:06 Scout Tower
26:09 Guard Tower
26:13 Guard Tower
26:17 Scout Tower
26:18 Scout Tower
26:22 Scout Tower
26:51 Guard Tower
27:06 Guard Tower
27:10 Scout Tower
27:11 Scout Tower
27:12 Scout Tower
27:12 Scout Tower
27:13 Scout Tower
27:13 Scout Tower
27:14 Guard Tower
27:18 Scout Tower
27:19 Scout Tower
27:21 Scout Tower
27:23 Scout Tower
27:27 Scout Tower
27:28 Guard Tower
27:53 Guard Tower
28:03 Guard Tower
28:04 Guard Tower
28:07 Scout Tower
28:08 Scout Tower
28:11 Scout Tower
28:12 Scout Tower
28:14 Guard Tower
28:37 Guard Tower
28:42 Scout Tower
28:43 Scout Tower
28:44 Scout Tower
28:45 Scout Tower
28:51 Town Hall
29:05 Guard Tower
29:08 Guard Tower
29:19 Arcane Tower
31:06 Scout Tower
31:06 Scout Tower
31:32 Guard Tower
31:58 Guard Tower
32:22 Scout Tower
32:23 Scout Tower
32:53 Arcane Tower
33:04 Scout Tower
34:27 Guard Tower
36:52 Scout Tower
36:53 Scout Tower
36:59 Scout Tower
37:00 Scout Tower
38:02 Arcane Tower
38:02 Guard Tower
38:08 Scout Tower
38:11 Scout Tower
38:37 Arcane Tower
39:04 Guard Tower
39:11 Scout Tower
39:12 Scout Tower
40:09 Guard Tower
42:48 Scout Tower
42:49 Scout Tower
42:50 Scout Tower
42:51 Scout Tower
43:02 Scout Tower
43:04 Scout Tower
43:04 Scout Tower
43:25 Guard Tower
43:32 Guard Tower
43:49 Guard Tower
44:32 Guard Tower
48:22 Scout Tower
50:35 Guard Tower
50:36 Scout Tower
50:57 Scout Tower
50:57 Scout Tower
51:21 Guard Tower
51:32 Guard Tower
51:33 Scout Tower
51:54 Guard Tower
52:19 Guard Tower
52:22 Scout Tower
52:22 Scout Tower
52:23 Scout Tower
52:41 Scout Tower
52:41 Scout Tower
52:50 Arcane Tower
53:40 Guard Tower
53:46 Scout Tower
53:48 Scout Tower
53:52 Guard Tower
53:59 Scout Tower
54:18 Arcane Tower
54:38 Guard Tower
54:44 Guard Tower
» items
| Healing Salve | 6 | |
| Orb of Lightning | 3 | |
| Potion of Healing | 1 | |
| Scroll of Town Portal | 17 | |
| Scroll of Speed | 1 | |
| Lesser Clarity Potion | 1 | |
| Staff of Sanctuary | 3 | |
| Claws of Attack +15 | 3 | |
35 total
HOTDOGPiZZA1 (
red | 77 APM | 8611 actions | 111:57)
6 Warden
3 Shadow Strike
3 Blink
5 Pandaren Brewmaster
3 Breath of Fire
2 Drunken Haze
» actions
| Assign group hotkey | 11 | |
| Basic commands | 5 | |
| Build / train | 77 | |
| Enter build submenu | 23 | |
| Enter hero's abilities submenu | 12 | |
| Give item / drop item | 9 | |
| Right click | 6324 | |
| Select / deselect | 1443 | |
| Select group hotkey | 267 | |
| Use ability | 438 | |
8611 total
» units
» upgrades
| Ultravision | 1 | |
| Nature's Blessing | 1 | |
| Well Spring | 1 | |
| Strength of the Wild | 2 | |
| Reinforced Hides | 1 | |
6 total
» buildings
| Altar of Elders | 2 | |
| Moon Well | 10 | |
| Hunter's Hall | 1 | |
| Tree of Ages | 1 | |
| Tree of Eternity | 1 | |
| Ancient of Wonders | 1 | |
| Tree of Life | 2 | |
| Ancient of Wind | 1 | |
19 total
» build order
00:08 Altar of Elders
00:18 Moon Well
01:06 Moon Well
03:42 Hunter's Hall
04:15 Tree of Ages
05:14 Moon Well
05:14 Moon Well
07:53 Tree of Eternity
08:20 Ancient of Wonders
12:19 Tree of Life
13:10 Moon Well
13:11 Moon Well
16:24 Ancient of Wind
16:31 Moon Well
17:50 Tree of Life
18:55 Moon Well
19:00 Moon Well
19:01 Moon Well
36:38 Altar of Elders
» items
| Healing Salve | 4 | |
| Lesser Clarity Potion | 10 | |
| Orb of Lightning | 1 | |
| Potion of Healing | 5 | |
| Staff of Preservation | 5 | |
| Orb of Venom | 1 | |
| Scroll of Town Portal | 3 | |
| Claws of Attack +15 | 1 | |
| Potion of Invulnerability | 1 | |
31 total
nutsonyochin.de (
orange | 88 APM | 9804 actions | 111:55)
10 Blademaster
3 Wind Walk
3 Critical Strike
1 Bladestorm
3 Mirror Image
» actions
| Assign group hotkey | 29 | |
| Basic commands | 20 | |
| Build / train | 87 | |
| ESC pressed | 6 | |
| Enter build submenu | 55 | |
| Enter hero's abilities submenu | 11 | |
| Give item / drop item | 1 | |
| Right click | 7559 | |
| Select / deselect | 510 | |
| Select group hotkey | 1115 | |
| Use ability | 411 | |
9804 total
» units
» upgrades
| Spiked Barricades | 1 | |
| Reinforced Defenses | 1 | |
| Liquid Fire | 1 | |
| Ranged Weapons | 3 | |
| Armor | 1 | |
7 total
» buildings
| Altar of Storms | 1 | |
| War Mill | 2 | |
| Orc Burrow | 4 | |
| Watch Tower | 38 | |
| Voodoo Lounge | 4 | |
| Stronghold | 1 | |
| Fortress | 1 | |
| Beastiary | 3 | |
54 total
» build order
00:08 Altar of Storms
00:10 War Mill
00:25 Orc Burrow
01:31 Watch Tower
02:13 Voodoo Lounge
02:21 Watch Tower
02:22 Watch Tower
02:29 Watch Tower
03:10 Stronghold
03:23 Watch Tower
03:25 Watch Tower
04:03 Watch Tower
04:04 Watch Tower
04:12 Voodoo Lounge
04:14 Voodoo Lounge
04:31 Watch Tower
05:34 Fortress
05:55 Watch Tower
06:06 Beastiary
06:08 Beastiary
06:12 Watch Tower
06:12 Watch Tower
06:17 Watch Tower
06:18 Watch Tower
06:35 Watch Tower
06:53 Orc Burrow
07:23 Orc Burrow
08:30 Watch Tower
08:31 Watch Tower
09:14 Watch Tower
09:59 Watch Tower
10:07 Watch Tower
10:08 Watch Tower
10:08 Watch Tower
10:23 Watch Tower
10:47 Watch Tower
10:48 Watch Tower
10:48 Watch Tower
11:23 Watch Tower
11:24 Watch Tower
11:34 Beastiary
11:57 Voodoo Lounge
12:00 Watch Tower
12:00 Watch Tower
12:01 Watch Tower
12:05 Watch Tower
12:52 Watch Tower
12:53 Watch Tower
13:40 War Mill
16:23 Watch Tower
16:23 Watch Tower
18:09 Orc Burrow
18:23 Watch Tower
18:37 Watch Tower
» items
| Healing Salve | 4 | |
| Lesser Clarity Potion | 9 | |
| Orb of Lightning | 1 | |
| Potion of Healing | 1 | |
| Scroll of Town Portal | 4 | |
19 total
team 2 (loser)

»
KevinIstDicht) (
teal | 137 APM | 15329 actions | 111:36)
10 Tauren Chieftain
3 Endurance Aura
3 War Stomp
1 Reincarnation
3 Shockwave
1 Priestess of the Moon
1 Scout
» actions
| Assign group hotkey | 118 | |
| Basic commands | 108 | |
| Build / train | 220 | |
| ESC pressed | 1 | |
| Enter build submenu | 60 | |
| Enter hero's abilities submenu | 13 | |
| Give item / drop item | 2 | |
| Remove unit from queue | 18 | |
| Right click | 6696 | |
| Select / deselect | 1836 | |
| Select group hotkey | 5853 | |
| Use ability | 403 | |
15329 total
» units
| Peon | 38 | |
| Troll Headhunter/Berserker | 47 | |
| Kodo Beast | 7 | |
| Shaman | 23 | |
| Raider | 24 | |
| Demolisher | 5 | |
| Grunt | -1 | |
143 total
» upgrades
| Ranged Weapons | 3 | |
| Troll Regeneration | 1 | |
| Shaman Training | 2 | |
| War Drums Damage Increase | 1 | |
| Berserker Upgrade | 1 | |
| Armor | 1 | |
| Ensnare | 1 | |
| Reinforced Defenses | 1 | |
| Burning Oil | 1 | |
12 total
» buildings
| Altar of Storms | 1 | |
| Orc Burrow | 6 | |
| War Mill | 3 | |
| Barracks | 2 | |
| Voodoo Lounge | 2 | |
| Stronghold | 3 | |
| Fortress | 1 | |
| Spirit Lodge | 1 | |
| Beastiary | 2 | |
| Great Hall | 5 | |
| Watch Tower | 29 | |
55 total
» build order
00:07 Altar of Storms
00:18 Orc Burrow
00:50 War Mill
01:18 Barracks
01:47 Barracks
02:07 Orc Burrow
02:22 Voodoo Lounge
04:02 Orc Burrow
04:36 Stronghold
06:06 Orc Burrow
07:39 Fortress
07:53 Spirit Lodge
08:20 Beastiary
08:38 Orc Burrow
14:17 Great Hall
15:52 Great Hall
18:49 Great Hall
19:36 Great Hall
20:46 Watch Tower
20:46 Watch Tower
20:47 Watch Tower
22:23 Watch Tower
22:25 Watch Tower
28:19 Watch Tower
28:20 Watch Tower
28:21 Watch Tower
28:22 Watch Tower
29:21 Watch Tower
29:22 Watch Tower
29:26 Watch Tower
30:41 Watch Tower
30:43 Watch Tower
31:45 Watch Tower
31:48 Watch Tower
32:05 War Mill
32:23 Watch Tower
32:26 Watch Tower
32:35 War Mill
33:25 Watch Tower
33:46 Watch Tower
34:24 Watch Tower
34:24 Watch Tower
34:27 Watch Tower
36:20 Watch Tower
36:22 Watch Tower
38:17 Beastiary
38:53 Watch Tower
38:55 Watch Tower
38:56 Watch Tower
38:59 Watch Tower
39:36 Orc Burrow
41:13 Great Hall
51:29 Voodoo Lounge
» items
| Healing Salve | 5 | |
| Lesser Clarity Potion | 5 | |
| Potion of Healing | 6 | |
| Scroll of Speed | 3 | |
| Scroll of Town Portal | 3 | |
| Tiny Great Hall | 1 | |
| Potion of Mana | 3 | |
| Orb of Corruption | 1 | |
27 total

»
LONGISLANDftw (
green | 77 APM | 8635 actions | 111:54)
5 Death Knight
3 Death Coil
2 Unholy Aura
7 Lich
3 Frost Nova
3 Frost Armor
1 Death and Decay
3 Dark Ranger
2 Silence
1 Black Arrow
» actions
| Assign group hotkey | 140 | |
| Basic commands | 697 | |
| Build / train | 135 | |
| ESC pressed | 13 | |
| Enter build submenu | 28 | |
| Enter hero's abilities submenu | 15 | |
| Give item / drop item | 1 | |
| Remove unit from queue | 2 | |
| Right click | 2663 | |
| Select / deselect | 821 | |
| Select group hotkey | 3805 | |
| Use ability | 315 | |
8635 total
» units
| Acolyte | 29 | |
| Ghoul | 6 | |
| Crypt Fiend | 10 | |
| Frost Wyrm | 21 | |
66 total
» upgrades
| Creature Attack | 2 | |
| Burrow | 1 | |
| Web | 1 | |
| Freezing Breath | 1 | |
| Creature Carapace | 1 | |
6 total
» buildings
| Crypt | 1 | |
| Graveyard | 1 | |
| Altar of Darkness | 4 | |
| Ziggurat | 14 | |
| Tomb of Relics | 1 | |
| Nerubian Tower | 4 | |
| Halls of the Dead | 3 | |
| Black Citadel | 4 | |
| Sacrificial Pit | 1 | |
| Boneyard | 4 | |
| Spirit Tower | 4 | |
| Necropolis | 1 | |
42 total
» build order
00:11 Crypt
00:23 Graveyard
00:55 Altar of Darkness
00:57 Ziggurat
01:01 Ziggurat
01:03 Ziggurat
01:39 Tomb of Relics
02:04 Ziggurat
03:00 Nerubian Tower
03:00 Nerubian Tower
04:00 Halls of the Dead
04:00 Halls of the Dead
04:00 Halls of the Dead
04:58 Ziggurat
07:29 Black Citadel
07:29 Black Citadel
07:29 Black Citadel
09:58 Sacrificial Pit
11:04 Ziggurat
11:32 Boneyard
11:33 Boneyard
11:34 Boneyard
12:29 Boneyard
15:12 Ziggurat
15:13 Ziggurat
15:13 Ziggurat
16:33 Altar of Darkness
36:30 Ziggurat
36:32 Ziggurat
36:32 Ziggurat
36:32 Ziggurat
46:35 Spirit Tower
50:37 Spirit Tower
53:44 Spirit Tower
104:57 Altar of Darkness
105:01 Altar of Darkness
105:02 Ziggurat
105:45 Necropolis
107:19 Nerubian Tower
107:19 Nerubian Tower
» items
| Rod of Necromancy | 7 | |
| Dust of Appearance | 1 | |
| Orb of Corruption | 1 | |
| Lesser Clarity Potion | 1 | |
10 total

»
totalhigh (
yellow | 92 APM | 7357 actions | 79:44)
6 Priestess of the Moon
3 Trueshot Aura
2 Scout
1 Starfall
» actions
| Assign group hotkey | 5 | |
| Basic commands | 2 | |
| Build / train | 146 | |
| Enter build submenu | 81 | |
| Enter hero's abilities submenu | 6 | |
| Give item / drop item | 2 | |
| Remove unit from queue | 13 | |
| Right click | 4843 | |
| Select / deselect | 1898 | |
| Use ability | 361 | |
7357 total
» units
| Wisp | 67 | |
| Huntress | 13 | |
| Glaive Thrower | 33 | |
113 total
» upgrades
| Strength of the Moon | 2 | |
| Moon Armor | 1 | |
| Vorpal Blades | 1 | |
| Nature's Blessing | 1 | |
| Ultravision | 1 | |
6 total
» buildings
| Altar of Elders | 3 | |
| Moon Well | 12 | |
| Hunter's Hall | 2 | |
| Ancient of War | 8 | |
| Ancient of Wonders | 3 | |
| Tree of Life | 2 | |
| Ancient Protector | 40 | |
| Tree of Ages | 5 | |
75 total
» build order
00:08 Altar of Elders
00:23 Moon Well
01:43 Hunter's Hall
01:53 Ancient of War
02:22 Ancient of War
02:42 Moon Well
02:53 Moon Well
03:30 Ancient of Wonders
05:15 Moon Well
07:43 Tree of Life
07:47 Ancient Protector
08:40 Moon Well
15:39 Ancient Protector
15:50 Tree of Ages
15:50 Tree of Ages
17:36 Tree of Life
19:28 Ancient Protector
19:32 Ancient Protector
22:35 Ancient Protector
22:37 Ancient Protector
22:50 Ancient Protector
23:05 Ancient Protector
23:12 Ancient Protector
24:34 Ancient Protector
24:53 Ancient Protector
24:56 Ancient Protector
25:03 Ancient Protector
25:09 Ancient Protector
25:10 Ancient Protector
25:13 Ancient Protector
25:27 Ancient Protector
25:41 Ancient Protector
25:45 Ancient Protector
25:48 Ancient Protector
26:05 Altar of Elders
26:09 Ancient Protector
26:15 Ancient Protector
26:22 Ancient Protector
26:49 Ancient Protector
27:31 Ancient Protector
27:35 Ancient Protector
27:42 Ancient Protector
27:59 Ancient Protector
28:05 Ancient Protector
29:11 Tree of Ages
29:11 Tree of Ages
29:23 Moon Well
29:26 Moon Well
29:45 Moon Well
29:58 Moon Well
30:26 Ancient of War
30:31 Hunter's Hall
30:45 Moon Well
31:35 Ancient of Wonders
31:39 Ancient Protector
31:42 Ancient Protector
32:11 Ancient Protector
32:20 Ancient Protector
32:37 Ancient of War
33:09 Moon Well
33:42 Ancient of War
34:11 Moon Well
34:31 Ancient of War
34:38 Ancient Protector
36:03 Ancient Protector
37:27 Ancient Protector
37:31 Ancient Protector
37:34 Ancient of War
39:17 Ancient of War
41:44 Ancient Protector
42:12 Ancient Protector
42:14 Ancient Protector
43:29 Ancient of Wonders
58:18 Altar of Elders
» items
| Scroll of Town Portal | 1 | |
| Staff of Preservation | 1 | |
| Potion of Healing | 1 | |
| Lesser Clarity Potion | 2 | |
| Potion of Mana | 1 | |
6 total
Chat log
(00:40 / All) nutsonyochin.de: hi long island . from??
(00:55 / All) Birdeneering: hey
(00:57 / All) Birdeneering: you here?
(00:58 / All) totalhigh: g pls
(01:02 / All) KevinIstDicht): we lose hard :D
(01:09 / All) KevinIstDicht): but im pro i rape ^^
(01:20 / All) HOTDOGPiZZA1: INSENSITIVE
(01:22 / All) HOTDOGPiZZA1: TOWARD WOMEN
(01:22 / All) nutsonyochin.de: do u rape jews...holocasut...hitler...
(01:34 / All) Birdeneering: attention this replay contains triggers
(13:37 / All) Birdeneering: mid-game chat
(13:39 / All) Birdeneering: how you liking it so far?
(16:52 / All) KevinIstDicht): more tower pls
(16:55 / All) Birdeneering: DONE
(16:56 / All) HOTDOGPiZZA1: can do
(16:59 / All) Birdeneering: I'll make many more
(19:11 / All) HOTDOGPiZZA1: yellow
(19:13 / All) HOTDOGPiZZA1: your siege
(19:14 / All) HOTDOGPiZZA1: dying to towers
(19:14 / All) HOTDOGPiZZA1: thanks green
(27:08 / All) Birdeneering: bad push guys
(36:29 / All) KevinIstDicht): leave now
(36:49 / All) HOTDOGPiZZA1: hmmmmmm no
(42:43 / All) HOTDOGPiZZA1: it only fires once every 4 min
(42:44 / All) HOTDOGPiZZA1: fyi
(46:45 / All) HOTDOGPiZZA1: thanks
(50:16 / All) HOTDOGPiZZA1: lol
(53:45 / All) KevinIstDicht): u have no chance
(53:51 / All) HOTDOGPiZZA1: make u're time
(53:54 / All) Birdeneering: really?
(55:40 / All) Birdeneering: that wasn't very great
(56:38 / All) HOTDOGPiZZA1: lol
(56:46 / All) HOTDOGPiZZA1: do u know what lol stand for
(56:49 / All) HOTDOGPiZZA1: Laugh out loud!
(58:02 / All) HOTDOGPiZZA1: bye potm!
(58:35 / All) KevinIstDicht): u are pro ryl man
(58:37 / All) HOTDOGPiZZA1: yep
(58:39 / All) Birdeneering: thanks
(58:42 / All) HOTDOGPiZZA1: visit our clan's website!
(58:45 / All) HOTDOGPiZZA1: http://highper.ch/
(58:50 / All) KevinIstDicht): at this time you play so shit
(58:54 / All) HOTDOGPiZZA1: well
(58:55 / All) HOTDOGPiZZA1: you're losing
(58:58 / All) HOTDOGPiZZA1: to "so shit"
(59:00 / All) Birdeneering: we had no chance
(59:01 / All) HOTDOGPiZZA1: what does that make you
(59:02 / All) Birdeneering: now we win!!
(63:01 / All) KevinIstDicht): more tower pls
(63:04 / All) HOTDOGPiZZA1: yep
(63:06 / All) Birdeneering: DONE!
(63:06 / All) HOTDOGPiZZA1: of course!
(63:08 / All) Birdeneering: you already asked
(63:10 / All) Birdeneering: and we complied
(63:26 / All) HOTDOGPiZZA1: lmao
(64:17 / All) KevinIstDicht): and now?
(64:20 / All) KevinIstDicht): we gous afk?
(64:21 / All) nutsonyochin.de: and then
(64:23 / All) HOTDOGPiZZA1: listen
(64:25 / All) Birdeneering: wow
(64:27 / All) LONGISLANDftw: wati till end?
(64:27 / All) HOTDOGPiZZA1: i hope you can understand my english
(64:30 / All) Birdeneering: I've never heard that one before
(64:31 / All) HOTDOGPiZZA1: we've done this many times
(64:40 / All) HOTDOGPiZZA1: i'd say 3/4 of the noobs say "we go afk now"
(64:42 / All) HOTDOGPiZZA1: they never go afk
(64:44 / All) HOTDOGPiZZA1: and they always lose.
(64:51 / All) LONGISLANDftw: we go afk now
(65:00 / All) HOTDOGPiZZA1: ok
(65:04 / All) HOTDOGPiZZA1: : - )
(65:10 / All) KevinIstDicht): i have 12 k gold
(65:11 / All) KevinIstDicht): man
(65:23 / All) HOTDOGPiZZA1: ok
(65:24 / All) Birdeneering: do you think
(65:27 / All) Birdeneering: we've heard that before as well??
(65:33 / All) Birdeneering: do you know what happens after they say that?????
(65:35 / All) Birdeneering: THEY LOSE
(65:42 / All) LONGISLANDftw: now u lose
(65:43 / All) LONGISLANDftw: :>
(65:48 / All) HOTDOGPiZZA1: ok
(65:50 / All) nutsonyochin.de: :>
(66:07 / All) HOTDOGPiZZA1: {:> - "chirp chirp!"
(66:16 / All) LONGISLANDftw: stfu nuts u think bm does anything vs silence coil nova?
(66:21 / All) HOTDOGPiZZA1: ok
(66:26 / All) HOTDOGPiZZA1: continue to theorycraft
(66:31 / All) HOTDOGPiZZA1: while you lose
(66:37 / All) HOTDOGPiZZA1: enjoy this time to reflect
(66:45 / All) Birdeneering: we might bring this up again after you lose
(68:30 / All) HOTDOGPiZZA1: lol
(73:51 / All) LONGISLANDftw: ey jungs
(73:54 / All) LONGISLANDftw: was geht
(73:54 / All) HOTDOGPiZZA1: english
(73:55 / All) LONGISLANDftw: :p
(74:02 / All) LONGISLANDftw: nich tmuede
(74:03 / All) LONGISLANDftw: ?!
(74:04 / All) nutsonyochin.de: this usa game cant u respect
(74:06 / All) nutsonyochin.de: speak american pls
(74:11 / All) HOTDOGPiZZA1: made in Irvine, California
(74:16 / All) LONGISLANDftw: but .de domain
(74:21 / All) nutsonyochin.de: what
(74:27 / All) LONGISLANDftw: ok... mutsonyhcin.de :=!
(74:30 / All) LONGISLANDftw: nutsÜ
(74:38 / All) LONGISLANDftw: nuts*
(74:45 / All) LONGISLANDftw: what time is in in irvine?!
(74:55 / All) HOTDOGPiZZA1: California time
(75:03 / All) LONGISLANDftw: tel lme time please
(75:14 / All) LONGISLANDftw: Were europeen
(75:27 / All) HOTDOGPiZZA1: in TORONTO it is 10:53pm
(75:38 / All) LONGISLANDftw: ok. ur canadian?
(75:39 / All) HOTDOGPiZZA1: in IRVINE, SACRED HOME OF WIG, it is 7:53PM
(75:40 / All) LONGISLANDftw: nice
(75:40 / All) HOTDOGPiZZA1: yes
(75:46 / All) nutsonyochin.de: 2 slow,,,,,,,, u blow
(75:50 / All) LONGISLANDftw: ey
(75:55 / All) LONGISLANDftw: chill were friends
(75:57 / All) LONGISLANDftw: in germany
(75:59 / All) LONGISLANDftw: its
(76:02 / All) nutsonyochin.de: sorry im no friend of nazi
(76:05 / All) LONGISLANDftw: 4.54 am
(76:07 / All) HOTDOGPiZZA1: remember when canada killed you twice
(76:08 / All) HOTDOGPiZZA1: in 2 wars
(76:11 / All) LONGISLANDftw: ey
(76:11 / All) HOTDOGPiZZA1: Owned!
(76:13 / All) LONGISLANDftw: its was
(76:17 / All) nutsonyochin.de: usa undefeated in world wars
(76:17 / All) LONGISLANDftw: an austrian
(76:20 / All) LONGISLANDftw: nevermind
(76:48 / All) LONGISLANDftw: really
(76:59 / All) LONGISLANDftw: do you think we german guys
(77:10 / All) LONGISLANDftw: think about this
(77:18 / All) LONGISLANDftw: austrian
(77:23 / All) LONGISLANDftw: mofo?
(77:44 / All) LONGISLANDftw: rly i'd like to spend my
(77:50 / All) LONGISLANDftw: study year abroad
(78:09 / All) LONGISLANDftw: in a french/english speaking-area
(78:14 / All) HOTDOGPiZZA1: go to quebec
(78:17 / All) HOTDOGPiZZA1: they're trash like you
(78:18 / All) LONGISLANDftw: why should i flame now
(78:21 / All) LONGISLANDftw: ey
(78:28 / All) LONGISLANDftw: my you show manner?
(78:31 / All) LONGISLANDftw: mb*
(78:47 / All) LONGISLANDftw: rly i'd like to communicate with ya
(78:52 / All) HOTDOGPiZZA1: lol
(78:56 / All) KevinIstDicht): lol
(79:00 / All) LONGISLANDftw: but you just block me
(79:06 / All) HOTDOGPiZZA1: only quebec garbage speaks french in toronto
(79:14 / All) LONGISLANDftw: why garbage?!
(79:18 / All) HOTDOGPiZZA1: imagine a country
(79:20 / All) HOTDOGPiZZA1: like brazil
(79:24 / All) HOTDOGPiZZA1: except in north america
(79:26 / All) HOTDOGPiZZA1: that's quebec
(79:44 / All) Birdeneering: loses pOtm
(79:45 / All) Birdeneering: leaves in disgust
(79:47 / All) Birdeneering: bye
(80:05 / All) LONGISLANDftw: 24h disc
(82:21 / All) LONGISLANDftw: ey
(82:34 / All) LONGISLANDftw: why do you take a .de domain acc?
(82:41 / All) LONGISLANDftw: may u tell me?
(82:42 / All) HOTDOGPiZZA1: hush
(83:09 / All) LONGISLANDftw: ey
(83:26 / All) LONGISLANDftw: i thougt your
(83:36 / All) LONGISLANDftw: north american all?
(83:45 / All) HOTDOGPiZZA1: no
(83:51 / All) HOTDOGPiZZA1: one of us.....euro.....
(86:27 / All) LONGISLANDftw: lemme
(86:30 / All) LONGISLANDftw: guess
(86:34 / All) LONGISLANDftw: bird
(86:36 / All) LONGISLANDftw: is the
(86:47 / All) LONGISLANDftw: europeen
(86:50 / All) LONGISLANDftw: right?!
(86:54 / All) HOTDOGPiZZA1: christ
(86:56 / All) nutsonyochin.de: your english, it isn't very good
(86:57 / All) HOTDOGPiZZA1: you're butchering my language
(86:57 / All) HOTDOGPiZZA1: stop
(87:43 / All) KevinIstDicht): you are shit
(87:48 / All) LONGISLANDftw: rly
(87:52 / All) HOTDOGPiZZA1: lol
(87:52 / All) nutsonyochin.de: are you speaking english right now
(87:53 / All) HOTDOGPiZZA1: teal
(87:53 / All) KevinIstDicht): im drunked and fuck your sister
(87:54 / All) HOTDOGPiZZA1: lol
(87:55 / All) HOTDOGPiZZA1: lol
(87:56 / All) HOTDOGPiZZA1: teal
(87:57 / All) nutsonyochin.de: dont understand it sorry
(87:57 / All) HOTDOGPiZZA1: laugh
(88:02 / All) LONGISLANDftw: whos the enlish man in your team?
(88:09 / All) HOTDOGPiZZA1: we're all english speakers
(88:24 / All) nutsonyochin.de: you'd have to be some kind of retarded caveman to not be able to speak english
(88:27 / All) LONGISLANDftw: ye but whos the europeen?
(88:43 / All) nutsonyochin.de: say again in english this time
(89:15 / All) Birdeneering: stop insulting an entire continent with your lingustic abomination..
(89:24 / All) LONGISLANDftw: pff..
(89:37 / All) LONGISLANDftw: im studing english
(89:42 / All) LONGISLANDftw: excuse me
(89:43 / All) HOTDOGPiZZA1: no you aren't
(89:43 / All) KevinIstDicht): and now?
(89:45 / All) LONGISLANDftw: im drunken
(89:45 / All) nutsonyochin.de: study harder please
(89:48 / All) nutsonyochin.de: it's embarrassing
(89:48 / All) LONGISLANDftw: sur I am
(89:52 / All) HOTDOGPiZZA1: wow
(89:56 / All) nutsonyochin.de: sur is french
(89:56 / All) LONGISLANDftw: your kiddin me
(89:57 / All) LONGISLANDftw: rly
(89:58 / All) HOTDOGPiZZA1: have you bought the textbook yet
(89:58 / All) nutsonyochin.de: wrong lang.
(91:14 / All) KevinIstDicht): u are lucky
(91:27 / All) HOTDOGPiZZA1: lol
(91:29 / All) HOTDOGPiZZA1: explain
(91:29 / All) KevinIstDicht): lucky
(91:35 / All) HOTDOGPiZZA1: explain how we're lucky
(91:36 / All) HOTDOGPiZZA1: please explain
(91:37 / All) LONGISLANDftw: what to exp?
(91:41 / All) nutsonyochin.de: lucky you are retard german and not Smart English speaking Interesting Person
(91:46 / All) LONGISLANDftw: did we say your lucky?
(91:49 / All) HOTDOGPiZZA1: lol
(91:57 / All) LONGISLANDftw: i did not
(91:59 / All) HOTDOGPiZZA1: stop with the broken nonlanguage green
(92:15 / All) LONGISLANDftw: excuse my mates
(92:28 / All) LONGISLANDftw: but really
(92:42 / All) LONGISLANDftw: dont call me an enlish failure
(92:45 / All) LONGISLANDftw: do ya?
(92:47 / All) HOTDOGPiZZA1: "english"
(92:55 / All) LONGISLANDftw: ok.. sory
(92:57 / All) HOTDOGPiZZA1: "sorry"
(92:58 / All) LONGISLANDftw: sorry"
(93:03 / All) LONGISLANDftw: ye u rule rly...
(93:08 / All) HOTDOGPiZZA1: "yes, you rule, really"
(93:17 / All) HOTDOGPiZZA1: fucking idiot
(93:32 / All) LONGISLANDftw: why do you flame us?!
(93:36 / All) HOTDOGPiZZA1: lol!
(93:36 / All) nutsonyochin.de: no respect for any other culture
(93:38 / All) nutsonyochin.de: disguste
(93:40 / All) LONGISLANDftw: this is annoying?
(93:40 / All) Birdeneering: remember when you said
(93:45 / All) Birdeneering: we had no chance of winning
(93:48 / All) Birdeneering: then we won
(93:50 / All) Birdeneering: that was amazing
(93:53 / All) LONGISLANDftw: did you win?
(93:54 / All) HOTDOGPiZZA1: yes
(93:55 / All) LONGISLANDftw: rly`?
(93:57 / All) Birdeneering: and when you told us to quit
(93:58 / All) Birdeneering: then we won
(94:00 / All) LONGISLANDftw: its not over it?!
(94:01 / All) Birdeneering: great times
(94:02 / All) HOTDOGPiZZA1: it's over
(94:04 / All) Birdeneering: it's over
(94:05 / All) LONGISLANDftw: yet*
(94:10 / All) Birdeneering: you're just too stupid to realize it
(94:12 / All) Birdeneering: not our fault
(94:18 / All) nutsonyochin.de: im lööking at the scöre screen right now
(94:23 / All) Birdeneering: you don't understand how the game works
(94:40 / All) LONGISLANDftw: sry
(94:52 / All) LONGISLANDftw: we didnt
(94:59 / All) LONGISLANDftw: sry
(95:03 / All) LONGISLANDftw: were new
(97:12 / All) HOTDOGPiZZA1: oooooooh
(97:24 / All) nutsonyochin.de: LOL
(97:29 / All) nutsonyochin.de: thanks for no kill
(97:34 / All) nutsonyochin.de: me pretend me illusion
(97:37 / Allies) HOTDOGPiZZA1: oh shit
(97:39 / All) HOTDOGPiZZA1: oh shit
(97:44 / All) HOTDOGPiZZA1: hehe
(97:48 / All) KevinIstDicht): ?
(102:14 / All) KevinIstDicht): lol
(102:17 / All) KevinIstDicht): noob
(105:03 / All) HOTDOGPiZZA1: lol
(105:03 / All) nutsonyochin.de: dang u win
(105:16 / All) Birdeneering: you keep making these unbelievably stupid decisions
(105:39 / All) KevinIstDicht): ^^
(105:43 / All) KevinIstDicht): n1
(106:03 / All) HOTDOGPiZZA1: ty.....you win///
(106:32 / All) HOTDOGPiZZA1: http://highper.ch/
(106:48 / All) LONGISLANDftw: re u chezi?
(106:50 / All) LONGISLANDftw: siema
(106:54 / All) HOTDOGPiZZA1: shut the fuck up
(108:33 / All) LONGISLANDftw: nargila.czu
(108:36 / All) LONGISLANDftw: cz*
(108:39 / All) Birdeneering: nope
(108:40 / All) Birdeneering: www.highper.ch
(108:42 / All) LONGISLANDftw: best
(108:44 / Allies) Birdeneering: are the victors
(108:45 / All) LONGISLANDftw: nagila.cz
(108:50 / All) Birdeneering: you are evidently not the best
(108:51 / All) Birdeneering: you lost this game
(108:55 / All) Birdeneering: how did you even manage that
(108:57 / All) LONGISLANDftw: rly
(108:57 / All) Birdeneering: you had all the mines
(108:59 / All) HOTDOGPiZZA1: "you have no chance" - you
(108:59 / All) Birdeneering: and you lose
(109:53 / All) KevinIstDicht): lol
(109:56 / All) HOTDOGPiZZA1: lol
(109:56 / All) KevinIstDicht): 1n hero vs 2
(110:12 / All) HOTDOGPiZZA1: 3 armies
(110:13 / All) HOTDOGPiZZA1: vs no armies
(110:17 / All) HOTDOGPiZZA1: gg
(110:18 / All) KevinIstDicht): 2 armi
(110:21 / All) KevinIstDicht): 1000000000000000000 tower
(110:26 / All) nutsonyochin.de: that many tower yes
(110:26 / All) HOTDOGPiZZA1: nah maybe like 250
(110:29 / All) Birdeneering: towers don't move
(110:32 / All) Birdeneering: how do you lose to them
(110:36 / All) Birdeneering: they just stand there
(110:38 / All) HOTDOGPiZZA1: clan towa #1
(110:40 / All) Birdeneering: you'd have to be really stupid
(110:45 / All) HOTDOGPiZZA1: Thanks all for watching
(110:48 / All) Birdeneering: check us out on www.highper.ch
(110:51 / All) HOTDOGPiZZA1: Submit more replays to http://highper.ch/
(110:58 / All) HOTDOGPiZZA1: All comments and questions to admin@highper.ch
(111:13 / All) LONGISLANDftw: rly
(111:17 / All) nutsonyochin.de: This replay brought to you by Clan towa and http://highper.ch
(111:17 / All) LONGISLANDftw: nargila
(111:20 / All) LONGISLANDftw: .cz
(111:22 / All) LONGISLANDftw: praha
(111:26 / All) LONGISLANDftw: best
(111:28 / All) LONGISLANDftw: rly
(111:35 / All) HOTDOGPiZZA1: bye
(111:37 / All) Birdeneering: peace
(111:39 / All) HOTDOGPiZZA1: leave now
(111:41 / All) nutsonyochin.de: highper.ch "highperch" and "highperching" are registered trademarks of Clan towa
(111:45 / All) LONGISLANDftw: /j caln tS